 Dungeon Sprint DCSS version 0.28.0-43-g3370ac3207 (webtiles) character file.

Game seed: 3237958091980054958

2153 boopmooplesden the Carver (level 9, -1/96 HPs)
             Began as a Minotaur Berserker on Mar 6, 2022.
             Was a High Priest of Trog.
             Slain by a tentacle (13 damage)
             ... attached to a kraken
             ... in the Dungeon (Sprint II: "The Violet Keep of Menkaure").
             The game lasted 00:02:42 (1615 turns).

boopmooplesden the Carver (Minotaur Berserker)      Turns: 1615, Time: 00:02:43

Health: -1/96      AC: 14    Str: 26    XL:     9   Next: 10%
Magic:  8/8        EV:  9    Int:  4    God:    Trog [*****.]
Gold:   265        SH:  0    Dex: 10    Spells: 8/8 levels left

rFire   . . .      SeeInvis .   d - +6 lajatang "Naom" {flame, rPois}
rCold   . . .      Faith    .   (shield currently unavailable)
rNeg    . . .      Spirit   .   u - +0 plate armour
rPois   +          Reflect  .   (helmet restricted)
rElec   .          Harm     .   (no cloak)
rCorr   .          Rampage  .   (no gloves)
Will    .....      NoTele   +   (no boots)
Stlth   ..........              (no amulet)
HPRegen 0.26/turn               (no ring)
MPRegen 0.11/turn               (no ring)

@: on berserk cooldown, slowed, very slow
A: horns 2, retaliatory headbutt
a: Renounce Religion, Berserk, Trog's Hand, Brothers in Arms


You were in the Dungeon.
You worshipped Trog.
Trog was extremely pleased with you.
You visited 1 branch You collected 981 gold pieces.
You spent 716 gold pieces at shops.

Inventory:

Hand Weapons
 a - a +0 falchion
 d - the +6 lajatang "Naom" (weapon) {flame, rPois}
   (You bought it in a shop in the Dungeon)

   It burns those it strikes, dealing additional fire damage.
   Big, fiery blades are also staple armaments of hydra-hunters.
   rPois:     It protects you from poison.
 j - a +0 vorpal hand axe
Missiles
 v - 2 boomerangs of dispersal (quivered)
Armour
 b - a +0 animal skin
 i - the +0 chain mail of Sophism {Will+}
   (You bought it in a shop in the Dungeon)

   Will:      It increases your willpower.
 u - a +0 plate armour (worn)
Jewellery
 n - a ring of see invisible
 q - a +6 ring of dexterity
 s - a ring of ice
Scrolls
 h - 2 scrolls of blinking
 l - a scroll of magic mapping {unknown}
 m - 3 scrolls of identify {unknown}
 p - 2 scrolls of enchant armour {unknown}
 r - a scroll of immolation {unknown}
Potions
 c - 3 potions of curing
 e - 2 potions of haste
 f - 5 potions of magic
 g - 2 potions of berserk rage
 k - 2 potions of ambrosia {unknown}
 o - a potion of mutation {unknown}
 t - 2 potions of attraction {unknown}
 w - 3 potions of resistance {unknown}
 x - a potion of might {unknown}
 z - 4 potions of flight {unknown}
 A - a potion of heal wounds


   Skills:
 + Level 14.3 Fighting
 + Level 14.9 Long Blades
 + Level 7.6 Staves
 + Level 9.2 Armour
 + Level 7.3 Dodging
 + Level 1.4 Stealth


You had 8 spell levels left.
You didn't know any spells.
Your spell library was empty.

Dungeon Overview and Level Annotations

Branches:
Dungeon (1/1)

Altars:
Cheibriados
Dithmenos
Elyvilon
Hepliaklqana
Kikubaaqudgha
Makhleb
Qazlal
Ru
Sif Muna
Trog
Uskayaw
Vehumet
Wu Jian
Xom
Yredelemnul
Zin
The Shining One
Beogh
Jiyva
Lugonu

Shops:
D =:[:[=[!=((?!==

Annotations:
D exclusions: oklob plant and orange crystal statue


Innate Abilities, Weirdness & Mutations

You have a pair of horns on your head.
You reflexively headbutt those who attack you in melee.


Message History

The tentacle is heavily wounded.
The tentacle slaps you!!
A tentacle segment bursts forth from the water.
Your unstable footing causes you to fumble your attack.
The tentacle closely misses you.
A tentacle segment bursts forth from the water.
Your unstable footing causes you to fumble your attack.
The tentacle slaps you!!
A tentacle segment bursts forth from the water.
The tentacle slaps you but does no damage.
You slash the tentacle! You burn the tentacle.
The tentacle is almost dead.
The tentacle slaps you!
A tentacle segment bursts forth from the water.
Your unstable footing causes you to fumble your attack.
The tentacle slaps you!!
* * * LOW HITPOINT WARNING * * *
A tentacle segment bursts forth from the water.
You slash the tentacle! You burn the tentacle.
You kill the tentacle!
A tentacle rises from the water!
The tentacle slaps you.
* * * LOW HITPOINT WARNING * * *
The tentacle slaps you.
* * * LOW HITPOINT WARNING * * *
You barely miss the tentacle. You headbutt the tentacle!!
The tentacle is heavily wounded.
You are no longer berserk.
You are exhausted.
You feel yourself slow down. The tentacle slaps you!
* * * LOW HITPOINT WARNING * * *
Your unstable footing causes you to fumble your attack.
The tentacle slaps you but does no damage.
The tentacle barely misses you. The tentacle completely misses you.
You furiously retaliate!
You headbutt the tentacle, but do no damage.
You slash the tentacle! You burn the tentacle.
You headbutt the tentacle, but do no damage.
The tentacle is almost dead.
The tentacle slaps you!
You die...

#. #)○▓.[..[(..▓▓ #
+.####::▓).(....(▓▓ #
...####▓.(...[..▓▓ ##
#.^##.#▓...((...▓▓ .#
+..#..#▓..[.(...▓▓ .#
#..#).#▓[.....([▓▓
.####^.##)#▓.....§.|▓▓
...###...##▓▓▓▓▓▓▓Λ▓▓▓▓+▓
.....≈≈≈≈≈≈≈≈≈≈≈@w.──Xw≈▓
§....≈#+########§###ww≈≈▓
§≈≈..≈#.._._._.#§§§##≈≈≈▓
≈≈≈≈.≈#._._._..#§§§≈####▓
§§≈≈≈≈#_._._._.#§§§≈≈#
§≈≈≈≈≈#._._._._#§§§§§§#
§§≈≈≈≈#.._._._.#§§§≈§§+
≈###§§#..._._._#≈≈≈§§≈#
§#


You could see a kraken and 4 tentacles.

Vanquished Creatures
  A yaktaur (D)
  A hornet (D)
  3 polar bears (D)
  2 wyverns (D)
  Menkaure (D)
  3 water moccasins (D)
  4 necrophages (D)
  A hell rat (D)
  3 worms (D)
  A tentacle (D)
20 creatures vanquished.

Vanquished Creatures (others)
  A water moccasin (D)
  12 tentacles (D)
13 creatures vanquished.

Grand Total: 33 creatures vanquished

Notes
Turn   | Place    | Note
-------+----------+-------------------------------------------
     0 | D        | boopmooplesden the Minotaur Berserker began the quest for
                  | the Orb.
     0 | D        | Reached XP level 1. HP: 19/19 MP: 0/0
     1 | D        | Noticed a boulder beetle
     1 | D        | Noticed a boulder beetle
    17 | D        | Reached ** piety under Trog
    18 | D        | Reached XP level 2. HP: 14/28 MP: 1/1
   159 | D        | Noticed a necrophage
   159 | D        | Noticed a necrophage
   159 | D        | Noticed a necrophage
   159 | D        | Noticed a necrophage
   164 | D        | Killed a necrophage
   165 | D        | Reached XP level 3. HP: 39/39 MP: 2/2
   165 | D        | Reached XP level 4. HP: 47/47 MP: 3/3
   170 | D        | Killed a necrophage
   171 | D        | Reached XP level 5. HP: 56/56 MP: 4/4
   173 | D        | Killed a necrophage
   174 | D        | Reached skill level 10 in Long Blades
   174 | D        | Reached skill level 5 in Armour
   179 | D        | Killed a necrophage
   179 | D        | Reached *** piety under Trog
   180 | D        | Reached skill level 10 in Fighting
   180 | D        | Reached skill level 5 in Dodging
   180 | D        | Reached XP level 6. HP: 31/67 MP: 5/5
   290 | D        | Killed a water moccasin
   291 | D        | Noticed a wyvern
   291 | D        | Noticed a wyvern
   298 | D        | Killed a wyvern
   300 | D        | Killed a wyvern
   301 | D        | Reached skill level 1 in Stealth
   301 | D        | Reached XP level 7. HP: 73/75 MP: 6/6
   313 | D        | Found Vuafu's Distillery.
   313 | D        | Found Suina's Jewellery Emporium.
   313 | D        | Found Wafej's Antique Weapon Shoppe.
   313 | D        | Found Imany's Jewellery Shoppe.
   313 | D        | Found Horhekh's Jewellery Emporium.
   313 | D        | Found Coroel's Magic Scroll Emporium.
   313 | D        | Found Obieff's Distillery.
   314 | D        | Found Qistax's Antique Armour Emporium.
   314 | D        | Found Maalyn's Jewellery Shoppe.
   314 | D        | Found Kogoutwu's Antique Armour Shoppe.
   315 | D        | Found Qaguev's Antique Weapon Emporium.
   315 | D        | Noticed Menkaure
   325 | D        | HP: 2/75 [Menkaure (16)]
   330 | D        | Killed Menkaure
   330 | D        | Reached **** piety under Trog
   332 | D        | Found Fuler's Book Shoppe.
   332 | D        | Found Suejoank's Antique Armour Emporium.
   332 | D        | Noticed a great orb of eyes
   332 | D        | Noticed an oklob plant
   333 | D        | Found Woraythe's Jewellery Shoppe.
   333 | D        | Found Fiaw's Book Shoppe.
   482 | D        | Bought a fading lajatang for 460 gold pieces
   482 | D        | Identified the +6 lajatang "Naom" {flame, rPois} (You
                  | bought it in a shop in the Dungeon)
   486 | D        | Bought an encrusted chain mail for 256 gold pieces
   486 | D        | Identified the +0 chain mail of Sophism {Will+} (You bought
                  | it in a shop in the Dungeon)
   778 | D        | Noticed an orange crystal statue
   787 | D        | Found a hazy altar of Hepliaklqana.
   787 | D        | Found a snail-covered altar of Cheibriados.
   788 | D        | Found a stormy altar of Qazlal.
   788 | D        | Found a viscous altar of Jiyva.
   788 | D        | Found a shadowy altar of Dithmenos.
   790 | D        | Found a sacrificial altar of Ru.
   790 | D        | Found an ancient bone altar of Kikubaaqudgha.
   790 | D        | Found a white marble altar of Elyvilon.
   791 | D        | Found an ornate altar of the Wu Jian Council.
   791 | D        | Found a shimmering blue altar of Sif Muna.
   791 | D        | Found a corrupted altar of Lugonu.
   792 | D        | Found a shimmering altar of Xom.
   792 | D        | Found a bloodstained altar of Trog.
   792 | D        | Found a burning altar of Makhleb.
   794 | D        | Found a glowing golden altar of the Shining One.
   794 | D        | Found a basalt altar of Yredelemnul.
   794 | D        | Found a hide-covered altar of Uskayaw.
   860 | D        | Found a glowing silver altar of Zin.
   861 | D        | Noticed a yaktaur
   861 | D        | Noticed a hornet
   861 | D        | Noticed a polar bear
   863 | D        | Noticed a polar bear
   868 | D        | Killed a polar bear
   868 | D        | Noticed a polar bear
   869 | D        | Reached skill level 1 in Staves
   874 | D        | Killed a hornet
   875 | D        | Reached XP level 8. HP: 86/86 MP: 7/7
   877 | D        | Killed a polar bear
   881 | D        | Killed a polar bear
   881 | D        | Reached ***** piety under Trog
   882 | D        | Reached skill level 5 in Staves
   887 | D        | Killed a yaktaur
   887 | D        | Received a gift from Trog
  1155 | D        | Found a radiant altar of Vehumet.
  1163 | D        | Noticed a kraken
  1177 | D        | Reached XP level 9. HP: 58/95 MP: 8/8
  1615 | D        | Slain by a tentacle

Illustrated notes

Levels and vault maps discovered:
D:        the_violet_keep_of_menkaure [sprint2_stairs_cluster_1,
          sprint2_shoproom, sprint2_temple, sprint2_basic_supplies,
          sprint2_obstacle_4, sprint2_obstacle_2, sprint2_obstacle_5,
          sprint2_obstacle_7, sprint2_obstacle_3, sprint2_timed_cluster_1,
          sprint2_smallroom_cluster_1, sprint2_smallroom_final_cluster_1,
          sprint2_transparent_cluster_1, sprint2_second_timed_cluster_1,
          sprint2_sniper_area_1, sprint2_heavy_combat_area_1,
          sprint2_mutation_trap_area_1, sprint2_forest_area_1,
          sprint2_light_combat_area_1, sprint2_behind_water_1,
          sprint2_near_end_vault_1]

Skill      XL: |  1  2  3  4  5  6  7  8 |
---------------+-------------------------+-----
Fighting       | 4 7 8 10 11 13 14 | 14.3
Long Blades    | 4 7 9 11 12 14 | 14.9
Armour         | 4 5 6 7 9 |  9.2
Dodging        | 3 4 5 6 7 |  7.3
Stealth        | 1 |  1.4
Staves         | 3 7 |  7.6

Action                   |  1- 3 |  4- 6 |  7- 9 || total
-------------------------+-------+-------+-------++-------
Melee: Falchion          |    11 |    21 |     8 ||    40
       Headbutt          |     2 |     3 |    11 ||    16
       Lajatang          |       |       |    56 ||    56
       Punch             |       |       |     1 ||     1
Invok: Berserk           |     2 |     1 |     2 ||     5
  Use: Potion            |       |       |     1 ||     1
Armor: Animal skin       |     1 |     1 |     1 ||     3
       Chain mail        |       |       |    18 ||    18
       Plate armour      |       |       |     4 ||     4
Dodge: Dodged            |     3 |     7 |    54 ||    64
